 Dungeon Crawl Stone Soup version 0.22-a0-830-gf552829 (webtiles) character file.

56 BaronVonScrub the Skirmisher (level 3, 0/29 HPs)
             Began as a Demonspawn Monk on July 24, 2018.
             Was a Follower of Wu Jian.
             Slain by a centaur (5 damage)
             ... on level 2 of the Dungeon.
             The game lasted 00:02:29 (2425 turns).

BaronVonScrub the Skirmisher (Demonspawn Monk)      Turns: 2425, Time: 00:02:29

Health: 0/29       AC:  2    Str: 12    XL:     3   Next: 69%
Magic:  3/3        EV: 13    Int: 11    God:    Wu Jian [*.....]
Gold:   68         SH:  0    Dex: 15    Spells: 2/2 levels left

rFire    . . .     SeeInvis .     - Unarmed
rCold    . . .     Gourm    .   (no shield)
rNeg     . . .     Faith    .   a - +0 robe
rPois    .         Spirit   .   (helmet restricted)
rElec    .         Reflect  .   (no cloak)
rCorr    .         Harm     .   (no gloves)
MR       .....                  (no boots)
Stlth    +++.......             (no amulet)
HPRegen  0.09/turn              (no ring)
MPRegen  0.08/turn              (no ring)

@: no status effects
A: horns 1, nightstalker 1
a: Renounce Religion


You were on level 2 of the Dungeon.
You worshipped Wu Jian.
Wu Jian was aware of your devotion.
You were not hungry.

You visited 1 branch of the dungeon, and saw 2 of its levels.

You collected 68 gold pieces.

Inventory:

Armour
 a - a +0 robe (worn)
Jewellery
 f - an uncursed amulet of the acrobat {unknown}
 i - an uncursed ring of resist corrosion {unknown}
Scrolls
 c - 2 scrolls of identify {unknown}
 d - 2 scrolls of random uselessness {unknown}
 e - a scroll of enchant armour {unknown}
 h - a scroll of remove curse {unknown}
 j - a scroll of blinking {unknown}
 k - a scroll of teleportation {unknown}
 m - a scroll of magic mapping {unknown}
Potions
 g - a potion of agility {unknown}
 l - a potion of heal wounds {unknown}
Comestibles
 b - 4 rations


   Skills:
 + Level 3.4 Fighting
 + Level 3.2 Dodging
 + Level 2.1 Stealth
 + Level 3.3 Unarmed Combat


You had 2 spell levels left.
You didn't know any spells.
Your spell library was empty.

Dungeon Overview and Level Annotations

Branches:
Dungeon (2/15)

Altars:
Wu Jian


Innate Abilities, Weirdness & Mutations

You have a pair of small horns on your head.
You are slightly more attuned to the shadows.


Message History

The centaur misses you. The centaur barely misses you.
You barely miss the centaur. You headbutt the centaur.
The centaur is heavily wounded.
The centaur closely misses you.
You hit the centaur.
The centaur is severely wounded.
The centaur hits you. The centaur hits you!
You hit the centaur.
The centaur is severely wounded.
The centaur completely misses you.
You barely miss the centaur. You headbutt the centaur.
The centaur is severely wounded.
The centaur hits you. The centaur hits you!
* * * LOW HITPOINT WARNING * * *
You are too injured to fight recklessly!
You hit the centaur.
You headbutt the centaur, but do no damage.
The centaur is almost dead.
The centaur hits you.
You die...

########
####......#### ##
............ ..
#..c...# . #..@...#
#### #......# #...
#......##########...
....(................
###################...
#... ####


You could see a centaur.

Vanquished Creatures
  An adder (D:2)
  An ooze (D:2)
  4 dart slugs
  3 leopard geckos (D:1)
  2 goblins (D:1)
  5 hobgoblins
  4 jackals (D:1)
  A bat (D:1)
  3 frilled lizards
  4 kobolds
  3 rats (D:1)
31 creatures vanquished.

Notes
Turn   | Place    | Note
-------+----------+-------------------------------------------
     0 | D:1      | BaronVonScrub the Demonspawn Monk began the quest for the Orb.
     0 | D:1      | Reached XP level 1. HP: 18/18 MP: 1/1
   289 | D:1      | Gained mutation: You are slightly more attuned to the shadows. [demonic ancestry]
   289 | D:1      | Reached XP level 2. HP: 5/24 MP: 2/2
  1407 | D:1      | Gained mutation: You have a pair of small horns on your head. [demonic ancestry]
  1407 | D:1      | Reached XP level 3. HP: 29/29 MP: 3/3
  2149 | D:2      | Found an ornate altar of the Wu Jian Council.
  2230 | D:2      | Became a worshipper of the Wu Jian Council
  2230 | D:2      | Reached * piety under Wu Jian
  2230 | D:2      | Reached ** piety under Wu Jian
  2353 | D:2      | Noticed a centaur
  2425 | D:2      | Slain by a centaur

Vault maps used:
D:1:      tarquinn_simple_flora_water_f
D:2:      lemuel_doored_altar, first_ration

Skill      XL: |  1  2  3 |
---------------+----------+-----
Unarmed Combat | 3 |  3.3
Dodging        | 3 |  3.2
Stealth        | 2 |  2.1
Fighting       | |  3.4

Action                   || total
-------------------------++-------
Melee: Unarmed           ||   159
       Punch             ||     1
       Headbutt          ||     8
Invok: Lunge             ||     1
 Stab: Sleeping          ||    10
  Eat: Chunk             ||     5
Armor: Robe              ||    19
Dodge: Dodged            ||    97

Table legend:
 A = Spawn XP
 B = Non-spawn XP
 C = Spawn XP percentage of total XP
 D = Spawn monster count
 E = Non-spawn monster count
 F = Spawn count percentage of total count
 G = Total turns spent on level
                    A         B        C        D         E        F      G
               +---------+---------+-------+---------+---------+-------+---------
         Total |       0 |      80 |   0.0 |       0 |      31 |   0.0 |  2425
               +---------+---------+-------+---------+---------+-------+---------
           D:1 |       0 |      45 |   0.0 |       0 |      22 |   0.0 |  1720
           D:2 |       0 |      35 |   0.0 |       0 |       9 |   0.0 |   705
               +---------+---------+-------+---------+---------+-------+---------
